 Dungeon Crawl Stone Soup version 0.25-a0-253-g6f1b5d974a (webtiles) character file.

Game seed: 5344441740524884897, levelgen mode: classic

3707 Borgoz the Carver (level 10, -4/64 HPs)
             Began as a Gargoyle Fighter on Dec 6, 2019.
             Was an Elder of Okawaru.
             Slain by a kobold demonologist
             ... wielding a +0 war axe
              (6 damage)
             ... in a bailey.
             The game lasted 00:17:45 (6378 turns).

Borgoz the Carver (Gargoyle Fighter)                Turns: 6378, Time: 00:17:45

Health: -4/64      AC: 13    Str: 22    XL:     10   Next: 14%
Magic:  10/10      EV: 11    Int:  8    God:    Okawaru [****..]
Gold:   426        SH:  9    Dex: 11    Spells: 9/9 levels left

rFire    . . .     SeeInvis .   a - +1 long sword
rCold    . . .     Gourm    .   c - +0 shield
rNeg     + + .     Faith    .   q - +4 ring mail
rPois    ∞         Spirit   .   t - +2 hat
rElec    +         Reflect  .   e - +0 cloak
rCorr    .         Harm     .   (no gloves)
MR       .....                  (no boots)
Stlth    +.........             (no amulet)
HPRegen  0.20/turn              d - ring of positive energy
MPRegen  0.12/turn              (no ring)

@: corroded, hasted, very quick
A: negative energy resistance 1, electricity resistance, unbreathing,
petrification resistance, rot immunity, AC +7
a: Heroism, Renounce Religion


You were in a bailey.
You worshipped Okawaru.
Okawaru was greatly pleased with you.
You were not hungry.

You visited 2 branches of the dungeon, and saw 9 of its levels.
You also visited: Sewer and Bailey.

You collected 426 gold pieces.

Inventory:

Hand Weapons
 a - a +1 long sword (weapon)
Armour
 c - a +0 shield (worn)
 e - a +0 cloak (worn)
 q - a +4 ring mail (worn)
 t - a +2 hat (worn)
Jewellery
 d - a ring of positive energy (left hand)
Wands
 n - a wand of disintegration (15)
Scrolls
 g - 2 scrolls of enchant armour
 h - a scroll of blinking
 j - 3 scrolls of remove curse
 l - 2 scrolls of teleportation
 p - a scroll of identify
Potions
 i - 2 potions of haste
 m - a potion of brilliance
Comestibles
 b - 3 chunks of flesh
 f - 13 rations


   Skills:
 + Level 7.7 Fighting
 * Level 8.5 Long Blades
 + Level 7.7 Armour
 + Level 5.1 Dodging
 - Level 3.2 Shields


You had 9 spell levels left.
You didn't know any spells.
Your spell library contained the following spells:

 Spells                   Type           Power        Failure   Level  Hunger
 Magic Dart               Conj           #...         96%         1    ##.....
 Blink                    Tloc           N/A          99%         2    ###....
 Call Imp                 Summ           #.......     99%         2    ###....
 Slow                     Hex            #.......     99%         2    ###....
 Conjure Flame            Conj/Fire      #.......     100%        3    ####...
 Mephitic Cloud           Conj/Pois/Air  #.......     100%        3    ####...


Dungeon Overview and Level Annotations

Branches:
Dungeon (8/15)             Temple (1/1) D:4           Sewer (visited)
 Bailey (1/1)
   Lair: D:8-11

Altars:
Ashenzari
Cheibriados
Dithmenos
Elyvilon
Fedhas
Gozag
Hepliaklqana
Kikubaaqudgha
Makhleb
Nemelex Xobeh
Okawaru
Qazlal
Ru
Sif Muna
Trog
Vehumet
Wu Jian
Xom
Yredelemnul
Zin
The Shining One

Shops:
D:5 (


Innate Abilities, Weirdness & Mutations

You are resistant to torment.
Your stone body is resilient. (AC +7)
You are immune to poison.
You resist negative energy. (rN+)
You are resistant to electric shocks. (rElec)
You can survive without breathing.
You are immune to petrification.
You are immune to rotting.


Message History

You barely miss the kobold demonologist.
The kobold demonologist is lightly wounded.
You block the kobold demonologist's attack.
The red devil closely misses you.
You closely miss the kobold demonologist.
The kobold demonologist is lightly wounded.
The orc hits you but does no damage.
You closely miss the kobold demonologist.
The kobold demonologist is lightly wounded.
You block the kobold demonologist's attack.
The red devil hits you from afar with a +0 trident.
* * * LOW HITPOINT WARNING * * *
The orc barely misses you.
You barely miss the kobold demonologist.
The kobold demonologist is lightly wounded.
You hit the kobold demonologist but do no damage.
The kobold demonologist is lightly wounded.
The red devil disappears in a puff of smoke!
The kobold demonologist hits you with a +0 war axe.
You die...

#######+# #≈≈≈≈≈#
#.......# #≈≈≈≈≈#
#.8.8o8.+
#≈≈≈≈≈######...@3o.#
#≈≈≈≈≈≈.#......#Kg..#
##.≈≈≈≈≈.#......#.§..#??
...≈≈≈≈≈.#''#####....#..
...≈≈≈≈≈.#)....# ....#..
.........')....# ....# #
.........)).⌠..# .._.#
.........'.....# ....#
...≈≈≈≈≈.#.....#


You could see a sun demon, a kobold demonologist, 2 orcs and a hobgoblin.

Vanquished Creatures
  An orc sorcerer (Bailey)
  Joseph (D:7)
  A hornet (D:7)
  An ice beast (D:7)
  Purgy (Sewer)
  2 sky beasts
  A phantom (D:5)
  4 ogres
  3 centaurs
  A wyvern zombie (D:6)
  5 bullfrogs
  4 scorpions
  4 wights
  An electric eel (Bailey)
  A howler monkey (D:6)
  3 crimson imps
  A quasit (D:6)
  A bullfrog zombie (D:5)
  2 centaur skeletons (D:5)
  A bullfrog skeleton (D:6)
  A jelly (D:6)
  6 orc wizards
  2 gnoll shamans (D:6)
  6 worker ants
  2 hound skeletons
  A worker ant zombie (D:6)
  13 gnolls
  4 adders
  A river rat (D:4)
  An ooze (D:2)
  An adder zombie (D:6)
  3 worms
  3 dart slugs
  8 leopard geckos
  16 orcs
  3 giant cockroaches
  9 hobgoblins
  10 jackals
  3 quokkas
  3 ball pythons
  12 bats
  5 frilled lizards
  12 goblins
  8 kobolds
  A quokka zombie (D:5)
  13 rats
186 creatures vanquished.

Vanquished Creatures (others)
  A centaur zombie (D:8)
  2 gnolls (D:6)
3 creatures vanquished.

Grand Total: 189 creatures vanquished

Notes
Turn   | Place    | Note
-------+----------+-------------------------------------------
     0 | D:1      | Borgoz the Gargoyle Fighter began the quest for the Orb.
     0 | D:1      | Reached XP level 1. HP: 14/14 MP: 1/1
    97 | D:1      | Reached skill level 2 in Long Blades
    99 | D:1      | Reached XP level 2. HP: 19/19 MP: 2/2
   395 | D:1      | Reached XP level 3. HP: 22/23 MP: 3/3
   657 | D:2      | Reached skill level 1 in Dodging
   817 | D:2      | Reached XP level 4. HP: 11/29 MP: 4/4
   857 | D:2      | Reached skill level 3 in Long Blades
  1078 | D:2      | Found a snail-covered altar of Cheibriados.
  1257 | D:2      | Found a blossoming altar of Fedhas.
  1397 | D:3      | Reached XP level 5. HP: 33/33 MP: 5/5
  1651 | D:3      | Found a sacrificial altar of Ru.
  1863 | D:4      | Reached XP level 6. HP: 24/39 MP: 6/6
  1868 | D:4      | Reached skill level 4 in Long Blades
  2000 | D:4      | Found a glowing drain.
  2014 | D:4      | Found a staircase to the Ecumenical Temple.
  2024 | Temple   | Entered the Ecumenical Temple
  2072 | Temple   | Became a worshipper of Warmaster Okawaru
  2112 | Sewer    | Entered a sewer
  2147 | Sewer    | Noticed Purgy
  2173 | Sewer    | Killed Purgy
  2173 | Sewer    | Reached XP level 7. HP: 35/44 MP: 7/7
  2635 | D:5      | Entered Level 5 of the Dungeon
  2637 | D:5      | Found Gusokhla's Weapon Boutique.
  2766 | D:5      | Reached skill level 5 in Fighting
  2890 | D:5      | Reached * piety under Okawaru
  2890 | D:5      | Reached skill level 5 in Armour
  2939 | D:5      | Reached skill level 5 in Long Blades
  2983 | D:4      | Reached XP level 8. HP: 14/50 MP: 8/8
  3231 | D:5      | Found a shimmering altar of Xom.
  3392 | D:5      | Reached ** piety under Okawaru
  3542 | D:5      | Reached skill level 6 in Long Blades
  3660 | D:6      | Found a basalt altar of Yredelemnul.
  3688 | D:6      | Found a shimmering altar of Xom.
  3839 | D:6      | Reached XP level 9. HP: 51/56 MP: 9/9
  3936 | D:6      | Reached *** piety under Okawaru
  4069 | D:6      | Found a glowing golden altar of the Shining One.
  4074 | D:6      | Found a stormy altar of Qazlal.
  4074 | D:6      | Found an opulent altar of Gozag.
  4080 | D:6      | Found a shimmering blue altar of Sif Muna.
  4174 | D:6      | Reached skill level 7 in Long Blades
  4567 | D:6      | Found a hazy altar of Hepliaklqana.
  5309 | D:7      | Noticed Joseph
  5347 | D:7      | Killed Joseph
  5578 | D:7      | Got a faintly glowing leather armour
  5591 | D:7      | Identified the +0 leather armour "Suseasch" {Int+3} (You
                  | found it on level 7 of the Dungeon)
  5663 | D:7      | Got a brightly glowing scale mail
  5674 | D:7      | Identified the cursed +0 scale mail of a bailey {Int+5
                  | Dex-3} (You found it on level 7 of the Dungeon)
  5931 | D:8      | Found a flagged portal.
  5931 | D:8      | Noticed a hornet
  5957 | D:7      | Killed a hornet
  5957 | D:7      | Reached **** piety under Okawaru
  5957 | D:7      | Reached skill level 8 in Long Blades
  5968 | D:7      | HP: 2/57 [ice beast (12)]
  6213 | Bailey   | Entered a bailey
  6235 | Bailey   | Reached XP level 10. HP: 51/63 MP: 10/10
  6335 | Bailey   | Found an iron altar of Okawaru.
  6335 | Bailey   | Noticed a kobold demonologist
  6335 | Bailey   | Noticed an orc sorcerer
  6357 | Bailey   | Noticed a rust devil
  6371 | Bailey   | Noticed a sun demon
  6373 | Bailey   | Killed an orc sorcerer
  6373 | Bailey   | Reached skill level 5 in Dodging
  6374 | Bailey   | Noticed a sun demon
  6376 | Bailey   | HP: 2/64 [red devil/+0 trident[a kobold demonologist] (3)]
  6378 | Bailey   | Slain by a kobold demonologist

Levels and vault maps discovered:
D:1:      psy_arrival_whirlpool, layout_loops_ring
D:2:      layout_rooms, cheibriados_altar_1, fedhas_altar_fruit_tree
D:3:      layout_rooms, nicolae_ru_great_annihilating_truth
D:4:      cheibrodos_quashed, layout_loops_ring, minmay_temple_entry_large_hall,
          first_ration, portal_sewer_entry_a
D:5:      layout_loops_ring, basic_altar, serial_shops, shop,
          kennysheep_generic_room_3
D:6:      layout_loops_ring, xom_confusion_cloud,
          grunt_temple_overflow_cloverleaf, overflow_temple_1_default,
          basic_altar, minmay_misc_feat_alley, kennysheep_opposing_triangles
D:7:      layout_gridville, kennysheep_generic_room_14, uniq_joseph
D:8:      layout_rooms, serial_curves, eino_curves_04, eino_curves_04,
          enter_bailey_1, basic_altar, serial_shops, shop_fountains
Temple:   nicolae_temple_god_jail
Bailey:   bailey_axe_of_yendor_kennysheep, bailey

Skill      XL: |  1  2  3  4  5  6  7  8  9 10 |
---------------+-------------------------------+-----
Long Blades    | 2 3 4 5 6 8 |  8.5
Dodging        | 1 2 3 4 5 |  5.1
Fighting       | 4 5 6 7 |  7.7
Armour         | 4 5 6 7 |  7.7
Shields        | |  3.2

Action                   |  1- 3 |  4- 6 |  7- 9 | 10-12 || total
-------------------------+-------+-------+-------+-------++-------
Melee: Long sword        |   130 |   163 |   482 |    54 ||   829
Throw: Throwing net      |       |       |     2 |       ||     2
  Use: Scroll            |     1 |    10 |     6 |       ||    17
       Potion            |     1 |     3 |     5 |     1 ||    10
 Stab: Paralysed         |       |     1 |       |       ||     1
       Held in net/web   |       |       |     2 |       ||     2
       Invisible         |       |       |     1 |       ||     1
  Eat: Chunk             |       |     5 |    13 |     1 ||    19
Armor: Scale mail        |    73 |    94 |     1 |       ||   168
       Ring mail         |       |       |   146 |    19 ||   165
       Chain mail        |       |       |   105 |       ||   105
Dodge: Dodged            |    51 |    76 |   272 |    33 ||   432
Block: Shield            |    82 |   103 |     4 |    36 ||   225
       Rpst.: Long sword |    15 |    22 |    85 |     7 ||   129

Table legend:
 A = Non-vault XP
 B = Vault XP
 C = Vault XP percentage of total XP
 D = Non-vault monster count
 E = Vault monster count
 F = Vault count percentage of total count
                 A         B        C        D         E       F
            +---------+---------+-------+---------+---------+-------
      Total |    3617 |    1680 |  31.7 |     156 |      30 |  16.1
            +---------+---------+-------+---------+---------+-------
        D:1 |      55 |       0 |   0.0 |      25 |       0 |   0.0
        D:2 |      98 |       0 |   0.0 |      25 |       0 |   0.0
        D:3 |      44 |      46 |  51.1 |      23 |       4 |  14.8
        D:4 |     303 |      28 |   8.5 |      13 |       4 |  23.5
        D:5 |    1129 |       0 |   0.0 |      28 |       0 |   0.0
        D:6 |     814 |     365 |  31.0 |      22 |       6 |  21.4
        D:7 |    1052 |     442 |  29.6 |      19 |       2 |   9.5
        D:8 |     122 |       0 |   0.0 |       1 |       0 |   0.0
      Sewer |       0 |     143 | 100.0 |       0 |       6 | 100.0
     Bailey |       0 |     656 | 100.0 |       0 |       8 | 100.0
            +---------+---------+-------+---------+---------+-------
